 Dungeon Crawl Stone Soup version 0.28-a0-1236-gb25a51b929 (webtiles) character file.

Game seed: 231431458351762003

295 dolemite99 the Chiller (level 6, -17/44 HPs)
             Began as a Gnoll Ice Elementalist on Dec 25, 2021.
             Was a Plaything of Xom.
             Demolished by an ogre (27 damage)
             ... on level 4 of the Dungeon.
             The game lasted 00:06:32 (3672 turns).

dolemite99 the Chiller (Gnoll Ice Elementalist)     Turns: 3672, Time: 00:06:32

Health: -17/44     AC:  4    Str:  7    XL:     6   Next: 34%
Magic:  11/14      EV: 13    Int: 22    God:    Xom [....*.]
Gold:   256        SH:  0    Dex: 13    Spells: 11/15 levels left

rFire   . . .      SeeInvis .   k - +0 hunting sling
rCold   . . .      Faith    .   (no shield)
rNeg    . . .      Spirit   .   a - +0 robe
rPois   .          Reflect  .   u - +0 helmet
rElec   .          Harm     .   (no cloak)
rCorr   .          Rampage  .   l - +0 pair of gloves
Will    .....                   (no boots)
Stlth   +++.......              (no amulet)
HPRegen 0.14/turn               g - +6 ring of intelligence
MPRegen 0.14/turn               (no ring)

@: freezing walls
A: fangs 1, strong nose, distributed training
a: Renounce Religion


You were on level 4 of the Dungeon.
You worshipped Xom.
You were a beloved toy of Xom.
You visited 1 branch of the dungeon, and saw 4 of its levels.

You collected 274 gold pieces.
You spent 18 gold pieces at shops.

Inventory:

Hand Weapons
 k - a +0 hunting sling (weapon)
Missiles
 d - 53 sling bullets (quivered ammo)
 m - 43 stones
 n - a throwing net
 p - 56 arrows
 q - 12 bolts
Armour
 a - a +0 robe (worn)
 l - a +0 pair of gloves (worn)
 u - a +0 helmet (worn)
Magical Staves
 j - a staff of earth
Jewellery
 g - a +6 ring of intelligence (left hand)
 s - the ring "Nitruc" {rPois Str+3}
   (You found it on level 4 of the Dungeon)

   [ring of poison resistance]

   Str:       It affects your strength (+3).
   rPois:     It protects you from poison.
Wands
 b - a wand of flame (11)
 f - a wand of iceblast (14)
 t - a wand of charming (3)
Scrolls
 h - a scroll of blinking
Potions
 c - 2 potions of heal wounds {unknown}
 e - a potion of magic
 o - 2 potions of ambrosia
 r - 3 potions of curing {unknown}


   Skills:
 + Level 1.9 Fighting
 + Level 1.9 Short Blades
 + Level 1.9 Long Blades
 + Level 1.9 Axes
 + Level 1.9 Maces & Flails
 + Level 1.9 Polearms
 + Level 1.9 Staves
 + Level 1.9 Slings
 + Level 1.9 Bows
 + Level 1.9 Crossbows
 + Level 1.9 Throwing
 + Level 1.9 Armour
 + Level 5.0 Dodging
 + Level 4.6 Stealth
 + Level 1.9 Shields
 + Level 1.9 Unarmed Combat
 + Level 5.3 Spellcasting
 + Level 1.5 Conjurations
 + Level 1.5 Hexes
 + Level 1.5 Summonings
 + Level 1.5 Necromancy
 + Level 1.5 Translocations
 + Level 1.5 Transmutations
 + Level 1.5 Fire Magic
 + Level 7.3 Ice Magic
 + Level 1.5 Air Magic
 + Level 1.5 Earth Magic
 + Level 1.5 Poison Magic
 + Level 2.1 Invocations
 + Level 1.9 Evocations


You had 11 spell levels left.
You knew the following spells:

 Your Spells              Type           Power      Damage    Failure   Level
a - Freeze                Ice            100%       1d11      1%          1
b - Frozen Ramparts       Ice            76%        1d9       1%          3

Your spell library contained the following spells:

 Spells                   Type           Power      Damage    Failure   Level
 Ozocubu's Armour         Ice            38%        N/A       1%          3
 Hailstorm                Conj/Ice       25%        3d7       16%         4


Dungeon Overview and Level Annotations

Branches:
Dungeon (4/15)
 Temple: D:4-7

Altars:
Xom

Shops:
D:2 ([([=


Innate Abilities, Weirdness & Mutations

You have very sharp teeth.
Your uncanny sense of smell can sniff out nearby items.
Your experience applies equally to all skills.


Message History

d - 29 sling bullets (gained 1)
r - 3 puce potions (gained 1)
You see here a +0 helmet.
d - 56 sling bullets (gained 27)
Found a chain mail.
You see here a +0 helmet.
u - a +0 helmet You start putting on your armour.
You continue putting on your +0 helmet. x4
You finish putting on your +0 helmet.
As you read the scroll labelled UPOPTAS ENUCSE, it crumbles to dust.
You feel strangely unstable.
It was a scroll of teleportation.
Your surroundings suddenly seem different.
Found a stone staircase leading down.
A sourceless malevolence fills the Dungeon... and a teleportation trap spontaneously manifests!
You are yanked towards a nearby monster!
Your surroundings suddenly seem different.
An ogre comes into view. It is wielding a +0 giant spiked club.
Found 16 gold pieces.
Found a stone staircase leading up.
Xom is highly amused!
You shoot a sling bullet. The sling bullet hits the ogre.
The ogre shouts!
The ogre is lightly wounded.
You shoot a sling bullet.
The sling bullet barely misses the ogre.
You shoot a sling bullet.
The sling bullet closely misses the ogre.
The ogre hits you with a +0 giant spiked club!!
Ouch! That really hurt!
* * * LOW HITPOINT WARNING * * *
A shower of butterflies erupts from you!
Casting: Freeze (safe; 1% risk of failure)
Confirm with . or Enter, or press ? or * to list all spells.
Casting: Frozen Ramparts (safe; 1% risk of failure)
Press: ? - help, Dir - look around, f - activate The walls around you are covered in ice.
The wall freezes the ogre.
The ogre hits you with a +0 giant spiked club!!
Ouch! That really hurt!
You die...
Xom roars with laughter!

#...# #...# ∆ #...#
#### #......... .....
###....#.# .....
......#
.....#########......#
.....<...............
##...b@# #...#..
#.b...O# ...#..
#....b.# #......#
#..b...# #...b..#
#......# #......#
#.(.(..#


You could see an ogre (ally target).

Vanquished Creatures
  An ogre (D:4)
  A jelly (D:3)
  A gnoll (D:2)
  5 adders
  A worm (D:2)
  A dart slug (D:3)
  2 orcs
  9 ball pythons
  6 bats
  4 endoplasms
  4 giant cockroaches
  9 goblins
  5 hobgoblins
  3 jackals (D:3)
  6 kobolds
  6 quokkas
  6 frilled lizards
  7 rats
77 creatures vanquished.

Vanquished Creatures (collateral kills)
  2 gnolls (D:2)
  A worm (D:2)
3 creatures vanquished.

Vanquished Creatures (others)
  A phantom (D:4)
  An orc wizard (D:4)
  A hound skeleton (D:4)
  4 plants (D:1)
7 creatures vanquished.

Grand Total: 87 creatures vanquished

Notes
Turn   | Place    | Note
-------+----------+-------------------------------------------
     0 | D:1      | dolemite99 the Gnoll Ice Elementalist began the quest for
                  | the Orb.
     0 | D:1      | Reached XP level 1. HP: 13/13 MP: 6/6
   165 | D:1      | Reached XP level 2. HP: 8/19 MP: 3/7
   570 | D:1      | Found a faded altar of an unknown god.
   592 | D:1      | Prayed at the altar of an unknown god.
   592 | D:1      | Became a worshipper of Xom of Chaos
   905 | D:1      | XOM: silly message
   973 | D:1      | Reached XP level 3. HP: 24/25 MP: 2/9
   994 | D:1      | Reached skill level 5 in Spellcasting
  1089 | D:1      | XOM: silly message
  1162 | D:1      | XOM: silly message
  1274 | D:1      | XOM: noise
  1712 | D:2      | Found Alibie's Weapon Shoppe.
  1726 | D:2      | Found Irchell's Jewellery Shop.
  1730 | D:2      | Reached skill level 1 in Invocations
  1772 | D:2      | Bought a +0 hunting sling for 18 gold pieces
  1845 | D:2      | XOM: divination: detect creatures
  1882 | D:2      | Reached skill level 1 in Fighting
  1882 | D:2      | Reached skill level 1 in Short Blades
  1882 | D:2      | Reached skill level 1 in Long Blades
  1882 | D:2      | Reached skill level 1 in Axes
  1882 | D:2      | Reached skill level 1 in Maces & Flails
  1882 | D:2      | Reached skill level 1 in Polearms
  1882 | D:2      | Reached skill level 1 in Staves
  1882 | D:2      | Reached skill level 1 in Slings
  1882 | D:2      | Reached skill level 1 in Bows
  1882 | D:2      | Reached skill level 1 in Crossbows
  1882 | D:2      | Reached skill level 1 in Throwing
  1882 | D:2      | Reached skill level 1 in Armour
  1882 | D:2      | Reached skill level 1 in Shields
  1882 | D:2      | Reached skill level 1 in Unarmed Combat
  1882 | D:2      | Reached skill level 1 in Evocations
  1908 | D:2      | Reached XP level 4. HP: 25/32 MP: 9/11
  2103 | D:2      | XOM: silly message
  2108 | D:2      | XOM: enchant monster (good)
  2112 | D:2      | XOM: enchant monster (good)
  2116 | D:2      | Reached skill level 1 in Conjurations
  2116 | D:2      | Reached skill level 1 in Hexes
  2116 | D:2      | Reached skill level 1 in Summonings
  2116 | D:2      | Reached skill level 1 in Necromancy
  2116 | D:2      | Reached skill level 1 in Translocations
  2116 | D:2      | Reached skill level 1 in Transmutations
  2116 | D:2      | Reached skill level 1 in Fire Magic
  2116 | D:2      | Reached skill level 1 in Air Magic
  2116 | D:2      | Reached skill level 1 in Earth Magic
  2116 | D:2      | Reached skill level 1 in Poison Magic
  2229 | D:2      | XOM: 1-stop teleportation journey
  2266 | D:2      | XOM: silly message
  2414 | D:2      | Found Pyczeumeo's Armour Emporium.
  2557 | D:2      | Found Estrien's Antique Weapon Shop.
  2568 | D:2      | Found Zaibb's Antique Armour Shoppe.
  2626 | D:2      | XOM: cloud trail
  2864 | D:3      | Reached XP level 5. HP: 37/37 MP: 12/12
  2877 | D:3      | Learned a level 3 spell: Frozen Ramparts
  3435 | D:4      | Noticed an ogre
  3442 | D:4      | Killed an ogre
  3443 | D:4      | Reached XP level 6. HP: 44/44 MP: 11/13
  3510 | D:4      | Identified the ring "Nitruc" {rPois Str+3}
  3554 | D:4      | XOM: divine lightning
  3572 | D:4      | Reached skill level 5 in Dodging
  3666 | D:4      | XOM: butterfly on damage
  3672 | D:4      | Demolished by an ogre

Illustrated notes

Levels and vault maps discovered:
D:1:      dpeg_arrival_windows_large_door, layout_rooms, serial_forest,
          infiniplex_forest_clump_large, infiniplex_forest_clump_curved,
          infiniplex_forest_end_2, infiniplex_forest_zigzag_2,
          infiniplex_forest_straight_5, infiniplex_forest_clump_double,
          infiniplex_forest_lined_room_2, infiniplex_forest_clump_small,
          shapermc_ecumenical_altar_mp_vishouse, hangedman_decor_growths
D:2:      layout_basic, serial_shops, nicolae_shop_behind_doors,
          nicolae_lakefront_shop, shop, nicolae_shop_waterfront, shop_coins
D:3:      layout_basic
D:4:      layout_basic, minmay_vboxes, uniq_duvessa

Skill      XL: |  1  2  3  4  5  6 |
---------------+-------------------+-----
Spellcasting   | 5 |  5.3
Invocations    | 1 2 |  2.1
Fighting       | 1 |  1.9
Short Blades   | 1 |  1.9
Long Blades    | 1 |  1.9
Axes           | 1 |  1.9
Maces & Flails | 1 |  1.9
Polearms       | 1 |  1.9
Staves         | 1 |  1.9
Slings         | 1 |  1.9
Bows           | 1 |  1.9
Crossbows      | 1 |  1.9
Throwing       | 1 |  1.9
Armour         | 1 |  1.9
Shields        | 1 |  1.9
Unarmed Combat | 1 |  1.9
Evocations     | 1 |  1.9
Conjurations   | 1 |  1.5
Hexes          | 1 |  1.5
Summonings     | 1 |  1.5
Necromancy     | 1 |  1.5
Translocations | 1 |  1.5
Transmutations | 1 |  1.5
Fire Magic     | 1 |  1.5
Air Magic      | 1 |  1.5
Earth Magic    | 1 |  1.5
Poison Magic   | 1 |  1.5
Dodging        | 5 |  5.0
Stealth        | |  4.6
Ice Magic      | |  7.3

Action                   |  1- 3 |  4- 6 || total
-------------------------+-------+-------++-------
Melee: Unarmed           |     6 |       ||     6
       Hunting sling     |       |     2 ||     2
       Bite              |       |     1 ||     1
 Fire: Hunting sling     |    23 |   114 ||   137
 Cast: Freeze            |    51 |    13 ||    64
       Frozen Ramparts   |       |     2 ||     2
  Use: Scroll            |       |     8 ||     8
Armor: Robe              |     9 |     7 ||    16
Dodge: Dodged            |    39 |    39 ||    78

Table legend: (Time is in decaauts)
 A = Elapsed time spent in this place.
 B = Non-inter-level travel time spent in this place.
 C = Inter-level travel time spent in this place.
 D = Time resting spent in this place.
 E = Time spent auto-exploring this place.
 F = Levels seen in this place.
 G = Mean time per level.
                   A        B        C        D        E       F      G
               +--------+--------+--------+--------+--------+-----+--------+
         Total |   3689 |   3633 |     56 |    682 |   2115 |   4 |  922.2 |
       Dungeon |   3689 |   3633 |     56 |    682 |   2115 |   4 |  922.2 |
               +--------+--------+--------+--------+--------+-----+--------+

Top non-repeatable levels by time:
     D:1: 1711 daAuts
     D:2: 1088 daAuts
     D:3: 607 daAuts
     D:4: 283 daAuts
